 Dungeon Crawl Stone Soup version 0.21-a0-426-g98080a9 (webtiles) character file.

2 kae the Digger (level 1, 0/10 HPs)
             Began as a Gargoyle Earth Elementalist on Nov 6, 2017.
             Slain by a bat (1 damage)
             ... on level 1 of the Dungeon.
             The game lasted 00:00:20 (62 turns).

kae the Digger (Gargoyle Earth Elementalist)          Turns: 62, Time: 00:00:21

Health: 0/10       AC:  4    Str: 11    XL:     1   Next: 30%
Magic:  0/3        EV: 12    Int: 20    God:
Gold:   0          SH:  0    Dex: 10    Spells: 3/4 levels left

rFire    . . .     SeeInvis .   (no weapon)
rCold    . . .     Gourm    .   (no shield)
rNeg     + . .     Faith    .   c - +0 robe
rPois    ∞         Spirit   .   (no helmet)
rElec    +         Reflect  .   (no cloak)
rCorr    .         Harm     .   (no gloves)
MR       .....                  (no boots)
Stlth    ++........             (no amulet)
HPRegen  0.03/turn              (no ring)
MPRegen  0.08/turn              (no ring)

@: brilliant, very slightly contaminated
A: negative energy resistance 1, electricity resistance, unbreathing,
petrification resistance, rot immunity, AC +2
a: no special abilities


You were on level 1 of the Dungeon.
You were not hungry.

You visited 1 branch of the dungeon, and saw 1 of its levels.

Inventory:

Missiles
 b - 27 stones (quivered)
Armour
 c - a +0 robe (worn)
Scrolls
 a - a scroll of recharging {unknown}
Books
 e - a book of Geomancy

   Spells                             Type                      Level
   a - Sandblast                      Earth                        1
   b - Passwall                       Transmutation/Earth          2
   c - Stone Arrow                    Conjuration/Earth            3
   d - Petrify                        Transmutation/Earth          4
   e - Lee's Rapid Deconstruction     Earth                        5
Comestibles
 d - a bread ration


   Skills:
 + Level 0.0 Fighting
 + Level 0.1 Armour
 + Level 1.5 Dodging
 - Level 2.1 Stealth
 * Level 2.0 Spellcasting
   Level 0.7 Transmutations
 * Level 3.6 Earth Magic


You had 3 spell levels left.
You knew the following spells:

 Your Spells              Type           Power        Failure   Level  Hunger
a - Sandblast             Erth           ####..       1%          1    #......


Dungeon Overview and Level Annotations

Branches:
Dungeon (1/15)

Altars:


Innate Abilities, Weirdness & Mutations

You are resistant to torment.
Your stone body is resilient. (AC +2)
You are immune to poison.
You resist negative energy. (rN+)
You are resistant to electric shocks. (rElec)
You can survive without breathing.
You are immune to petrification.
You are immune to rotting.


Message History

Aim: a leopard gecko (moderately wounded, clinging)
The blast of sand misses the bat.
The blast of sand hits the leopard gecko.
You kill the leopard gecko!
b - 27 stones The bat hits you but does no damage.
The bat barely misses you. The giant cockroach misses you.
You hit the giant cockroach but do no damage.
The bat hits you but does no damage. The giant cockroach barely misses you.
You hit the giant cockroach.
The giant cockroach is moderately wounded.
The giant cockroach closely misses you. The bat closely misses you.
You closely miss the giant cockroach.
The giant cockroach is moderately wounded.
The bat barely misses you. The bat hits you but does no damage.
The giant cockroach barely misses you. x2
You barely miss the giant cockroach.
The giant cockroach is moderately wounded.
The bat hits you.
You die...

##...##...
#.....#.#####
#........?...
#..)..#.#####
##...##.#
##.## # #.#
#b# #@# #s#
#.# #.# ...
... .## #.


You could see a giant cockroach and a bat.

Vanquished Creatures
  A leopard gecko (D:1)
1 creature vanquished.

Notes
Turn   | Place    | Note
-------+----------+-------------------------------------------
     0 | D:1      | kae the Gargoyle Earth Elementalist began the quest for the Orb.
     0 | D:1      | Reached XP level 1. HP: 10/10 MP: 3/3
    62 | D:1      | Slain by a bat

Vault maps used:
D:1:      lemuel_arrival_funnel, minmay_split_cup_small

Action                   || total
-------------------------++-------
Melee: Unarmed           ||    21
 Cast: Sandblast         ||     3
  Use: Potion            ||     1
Armor: Robe              ||    25
Dodge: Dodged            ||    43

Table legend:
 A = Spawn XP
 B = Non-spawn XP
 C = Spawn XP percentage of total XP
 D = Spawn monster count
 E = Non-spawn monster count
 F = Spawn count percentage of total count
 G = Total turns spent on level
                    A         B        C        D         E        F      G
               +---------+---------+-------+---------+---------+-------+---------
         Total |       0 |       3 |   0.0 |       0 |       1 |   0.0 |    62
               +---------+---------+-------+---------+---------+-------+---------
           D:1 |       0 |       3 |   0.0 |       0 |       1 |   0.0 |    62
               +---------+---------+-------+---------+---------+-------+---------
